 Dungeon Crawl Stone Soup version 0.30.1-11-g7821555f0a (webtiles) character file.

Game seed: 4498059646746777687

13442 Nonny the Basher (level 12, -1/97 HPs)
             Began as a Merfolk Fighter on Dec 2, 2023.
             Was a Believer of Ru.
             Killed from afar by an ice dragon (29 damage)
             ... with a blast of cold
             ... in an ice cave.
             The game lasted 00:48:04 (16617 turns).

Nonny the Basher (Merfolk Fighter)                 Turns: 16617, Time: 00:48:05

Health: -1/97      AC: 11    Str: 26    XL:     12   Next: 6%
Magic:  0/12       EV: 10    Int: 18    God:    Ru [**....]
Gold:   1320       SH:  8    Dex: 11    Spells: 11/11 levels left

rFire   + . .        j - +2 whip (venom)
rCold   + . .        c - +0 buckler
rNeg    . . .        s - +1 leather armour {rC+ rF+}
rPois   +            H - +2 helmet {Int+3}
rElec   .            I - +2 cloak {Will+}
rCorr   .            (no gloves)
SInv    .            (no boots)
Will    +....        B - amulet of guardian spirit Stlth
                     e - +6 ring of strength
HPRegen 0.36/turn    d - ring of poison resistance
MPRegen 0.13/turn

%: guardian spirit
@: no status effects
A: no stealth, no fire magic, no hexes magic, no summoning magic, (nimble
swimmer 2), mertail, large bone plates 1, clever 2
a: Renounce Religion


You were in an ice cave.
You worshipped Ru.
Ru was pleased with you.
You visited 3 branches of the dungeon, and saw 13 of its levels.
You also visited: Bailey and Ice Cave.

You collected 1581 gold pieces.
You spent 261 gold pieces at shops.

Inventory:

Hand Weapons
 a - a +0 flail
 i - a +2 heavy flail
 j - a +2 whip of venom (weapon)
Missiles
 l - 38 poisoned darts
 q - 93 stones (quivered)
 w - 5 boomerangs
Armour
 b - a +0 plate armour of willpower
 c - a +0 buckler (worn)
 s - a +1 leather armour of resistance (worn)
 H - a +2 helmet of intelligence (worn)
 I - a +2 cloak of willpower (worn)
Magical Staves
 r - a staff of fire
Jewellery
 d - a ring of poison resistance (right hand)
 e - a +6 ring of strength (left hand)
 B - an amulet of guardian spirit (around neck)
 C - a ring of magical power
 D - an amulet of the acrobat
 E - a ring of magical power
 J - the ring of the Mage {Wiz Archmagi}
   (You found it in an ice cave)

   [ring of wizardry]

   It improves your spell success rate.
   Archmagi:  It increases the power of your magical spells.
Wands
 k - a wand of polymorph (8)
 m - a wand of flame (2)
 u - a wand of iceblast (3)
 v - a wand of mindburst (6)
 G - a wand of paralysis (11)
Scrolls
 f - 3 scrolls of immolation
 g - a scroll of teleportation
 p - 3 scrolls of noise
 t - 3 scrolls of amnesia
 x - 2 scrolls of fear
 y - 4 scrolls of identify
Potions
 h - 3 potions of curing
 n - 2 potions of brilliance
 o - 3 potions of haste
 z - 3 potions of attraction
 A - a potion of mutation
 F - 2 potions of magic


   Skills:
 + Level 9.9 Fighting
 + Level 11.1 Maces & Flails
 - Level 0.1 Throwing
 + Level 8.7 Armour
 - Level 3.0 Shields
 - Level 0.2 Evocations


You had 11 spell levels left.
You didn't know any spells.
Your spell library contained the following spells:

 Spells                   Type           Power      Damage    Failure   Level
 Vhi's Electric Charge    Tloc/Air       0%         N/A       65%         3
 Animate Dead             Necr           0%         N/A       96%         4
 Agony                    Necr           0%         N/A       100%        5
 Simulacrum               Ice/Necr       0%         N/A       100%        6
 Ozocubu's Refrigeration  Ice            0%         4d7       100%        7
 Infestation              Necr           0%         N/A       100%        8
 Polar Vortex             Ice            0%         N/A       100%        9
 Dazzling Flash           Conj/Hex       Unusable   N/A       N/A         3
 Inner Flame              Hex/Fire       Unusable   N/A       N/A         3
 Flame Wave               Conj/Fire      Unusable   2d4       N/A         4
 Sticky Flame             Conj/Fire      Unusable   2d3       N/A         4
 Silence                  Hex/Air        Unusable   N/A       N/A         5
 Summon Forest            Summ/Tloc      Unusable   N/A       N/A         5
 Haunt                    Necr/Summ      Unusable   N/A       N/A         7

Dungeon Overview and Level Annotations

Branches:
Dungeon (10/15)            Temple (1/1) D:7             Orc (2/2) D:10
    Elf (0/3) Orc:2        Bailey (visited)           IceCv (1/1)
   Lair: D:8-11

Altars:
Ashenzari
Cheibriados
Dithmenos
Elyvilon
Fedhas
Gozag
Hepliaklqana
Kikubaaqudgha
Makhleb
Nemelex Xobeh
Okawaru
Qazlal
Ru
Sif Muna
Trog
Uskayaw
Vehumet
Wu Jian
Xom
Yredelemnul
Zin
The Shining One

Shops:
D:6 [   Orc:1 :

Portals:
Abyss: D:10

Annotations:
D:10 2 transporters, Azazsd's ghost, journeyman TrFi
Orc:2 Saint Roka


Innate Abilities, Weirdness & Mutations

You cannot be stealthy.
You cannot study or cast Fire magic.
You cannot study or cast Hexes magic.
You cannot study or cast Summoning magic.
((You are very nimble when in or above water. (Stealth+, EV+, Speed+++)))
Your lower body shifts to a powerful aquatic tail in water.
You are partially covered in large bone plates. (SH +4)
Your mind is very acute. (Int +8, Str/Dex -2)


Message History

You hit the ice dragon but do no damage.
The ice dragon is heavily wounded.
The helpless ice dragon fails to defend itself.
You whack the ice dragon!
The ice dragon looks as sick as possible!
The ice dragon is heavily wounded.
The helpless ice dragon fails to defend itself.
You whack the ice dragon!
The ice dragon is severely wounded.
The helpless ice dragon fails to defend itself.
You hit the ice dragon but do no damage.
The ice dragon is severely wounded.
The ice dragon is no longer paralysed.
The ice dragon bites you but does no damage.
The ice dragon claws you. The ice dragon closely misses you.
You hit the ice dragon.
The ice dragon looks as sick as possible!
The ice dragon is severely wounded.
You closely miss the ice dragon.
The ice dragon is severely wounded.
You block the ice dragon's attack. x2; The ice dragon tramples you.
You stumble backwards!
You hit the ice dragon.
The ice dragon is severely wounded.
The ice dragon closely misses you. The ice dragon claws you.
The ice dragon tramples you.
You hold your ground!
You barely miss the ice dragon.
The ice dragon is severely wounded.
You barely miss the ice dragon.
The ice dragon is severely wounded.
The ice dragon breathes frost at you. The blast of cold hits you!! You resist.
The ice dragon breathes frost at you. The blast of cold hits you!! You resist.
The ice dragon breathes frost at you. The blast of cold hits you!! You resist.
* * * LOW HITPOINT WARNING * * *
The ice dragon breathes frost at you. The blast of cold hits you!! You resist.
You die...

#..#....# ##.## ##.#.#..##
#..## #..###### ##..# ##..#
#..## #.## ##.## #..#
###..# ##.## #.#.## #..#
###..## ##@## #.....# #..#
##.....## ##.## ##.......#
#### #...# #........##
##..######D## ##........##
##....##....####.........##
#..........###.............
#.∩.∩.......#..............
#.......##..D.##..........#


You could see an ice dragon (very poisoned, catching breath).

Vanquished Creatures
  Snorg (Orc:2)
  3 two-headed ogres (D:9)
  An orc knight (Bailey)
  An orc sorcerer (D:10)
  2 ice statues (IceCv)
  4 rime drakes (IceCv)
  4 trolls (D:10)
  A hornet (D:10)
  A wyvern (D:10)
  3 yaks (D:10)
  4 steam dragons
  Eustachio (D:5)
  A warg (Orc:2)
  Menkaure (D:4)
  2 acid dragons
  3 water moccasins
  13 orc warriors
  2 sky beasts (D:7)
  6 black bears
  2 ogres
  4 centaurs
  3 kobold brigands
  2 bullfrogs (D:9)
  A scorpion (D:4)
  6 wights
  3 lindwurm simulacra (IceCv)
  9 killer bees (D:9)
  4 electric eels (D:8)
  2 howler monkeys
  A centaur zombie (D:8)
  6 komodo dragon simulacra (IceCv)
  13 orc priests
  8 hounds
  A gnoll bouda (D:6)
  3 jellies (D:6)
  A sleepcap (D:6)
  4 iguanas
  16 orc wizards
  A killer bee zombie (D:8)
  5 acid dragon simulacra (IceCv)
  6 adders
  9 gnolls
  7 steam dragon simulacra (IceCv)
  2 ufetubi
  4 worms
  A dart slug (D:1)
  87 orcs
  5 bats (D:1)
  10 endoplasms
  2 giant cockroaches
  2 hobgoblins
  2 jackals (D:2)
  23 kobolds
  6 quokkas
  7 ball pythons
  2 frilled lizards (D:3)
  5 goblins
  3 rats
332 creatures vanquished.

Vanquished Creatures (others)
  2 orcs
  2 kobolds (D:8)
4 creatures vanquished.

Grand Total: 336 creatures vanquished

Notes
Turn   | Place    | Note
-------+----------+-------------------------------------------
     0 | D:1      | Nonny the Merfolk Fighter began the quest for the Orb.
     0 | D:1      | Reached XP level 1. HP: 18/18 MP: 1/1
   186 | D:1      | Reached skill level 1 in Stealth
   186 | D:1      | Reached XP level 2. HP: 16/24 MP: 2/2
   689 | D:1      | Forest vault in northeast.
   715 | D:2      | You fall into a shaft and drop 1 floor!
   738 | D:2      | Reached XP level 3. HP: 29/29 MP: 3/3
   915 | D:2      | Reached skill level 2 in Maces & Flails
  1109 | D:2      | Reached XP level 4. HP: 32/35 MP: 4/4
  1147 | D:2      | Got Hejoomot's Compendium of Portals
  1296 | D:2      | Found a faded altar of an unknown god.
  2227 | D:3      | Reached XP level 5. HP: 41/41 MP: 5/5
  2336 | D:3      | Reached skill level 3 in Maces & Flails
  2513 | D:3      | Found a shadowy altar of Dithmenos.
  2720 | D:3      | Reached XP level 6. HP: 29/47 MP: 6/6
  2987 | D:4      | Reached skill level 4 in Maces & Flails
  3244 | D:4      | Noticed Menkaure
  3685 | D:4      | Killed Menkaure
  3686 | D:4      | Reached XP level 7. HP: 17/53 MP: 7/7
  3844 | D:5      | Entered Level 5 of the Dungeon
  4327 | D:5      | Reached skill level 5 in Maces & Flails
  4504 | D:5      | Noticed Eustachio
  4507 | D:5      | Gained mutation: You are partially covered in large bone
                  | plates. (SH +4) [potion of mutation]
  4507 | D:5      | Gained mutation: Your mind is acute. (Int +4, Str/Dex -1)
                  | [potion of mutation]
  4507 | D:5      | Gained mutation: Your mind is very acute. (Int +8, Str/Dex
                  | -2) [potion of mutation]
  4514 | D:5      | Killed Eustachio
  4515 | D:5      | Reached XP level 8. HP: 60/61 MP: 8/8
  4796 | D:5      | Pleasant vault here. :)
  4979 | D:5      | Found an ancient bone altar of Kikubaaqudgha.
  5431 | D:6      | Reached skill level 5 in Fighting
  5463 | D:6      | Reached skill level 5 in Armour
  5557 | D:6      | Found Ughoddoujo's Antique Armour Boutique.
  5568 | D:6      | Bought a masterwork scale mail for 261 gold pieces
  5568 | D:6      | Identified the +0 scale mail "Erithry" {rF++ Will-} (You
                  | bought it in a shop on level 6 of the Dungeon)
  5615 | D:6      | Reached skill level 6 in Maces & Flails
  5832 | D:6      | Found a radiant altar of Vehumet.
  6326 | D:7      | Reached XP level 9. HP: 45/68 MP: 9/9
  6621 | D:7      | Reached skill level 7 in Maces & Flails
  6940 | D:7      | Found a blossoming altar of Fedhas.
  7648 | D:7      | Found a staircase to the Ecumenical Temple.
  7661 | Temple   | Entered the Ecumenical Temple
  7664 | Temple   | Zot-like Temple
  7779 | Temple   | Became a worshipper of Ru the Awakened
  7949 | D:7      | LOVE THIS VAULT! <3>
                  | ERROR: string above had unterminated tag
  8977 | D:8      | Reached XP level 10. HP: 50/77 MP: 10/10
  9195 | D:8      | Reached skill level 8 in Maces & Flails
  9462 | D:8      | Found a transporter.
  9695 | D:8      | Found a basalt altar of Yredelemnul.
  9898 | D:9      | Found a flagged portal.
  9899 | D:9      | Bailey entrance in south.
 10039 | Bailey   | Entered a bailey
 10068 | Bailey   | Gained mutation: You cannot study or cast Fire magic. [Ru
                  | sacrifice]
 10068 | Bailey   | Gained mutation: You cannot study or cast Hexes magic. [Ru
                  | sacrifice]
 10068 | Bailey   | Gained mutation: You cannot study or cast Summoning magic.
                  | [Ru sacrifice]
 10068 | Bailey   | Reached * piety under Ru
 10250 | Bailey   | Noticed an orc knight
 10547 | Bailey   | Killed an orc knight
 10624 | Bailey   | Identified the staff of conjuration "Zigich" {Drain rElec
                  | rC+ Int+3}
 10706 | D:9      | Noticed a two-headed ogre
 10719 | D:9      | Killed a two-headed ogre
 10720 | D:9      | Reached skill level 9 in Maces & Flails
 11062 | D:9      | Noticed a two-headed ogre
 11080 | D:9      | Killed a two-headed ogre
 11275 | D:9      | Reached XP level 11. HP: 68/86 MP: 11/11
 11826 | D:10     | Entered Level 10 of the Dungeon
 11826 | D:10     | Found a bloodstained altar of Trog.
 12004 | D:10     | Noticed a two-headed ogre
 12020 | D:10     | Reached skill level 10 in Maces & Flails
 12293 | D:9      | Killed a two-headed ogre
 12538 | D:10     | Found a one-way gate to the infinite horrors of the Abyss.
 12538 | D:10     | Noticed Azazsd's ghost (journeyman TrFi)
 12827 | D:10     | Gained mutation: You cannot be stealthy. [Ru sacrifice]
 12827 | D:10     | Reached ** piety under Ru
 12854 | D:10     | Found a transporter.
 12869 | D:10     | Found a transporter.
 12884 | D:10     | Noticed a wizard
 13054 | D:10     | Found a staircase to the Orcish Mines.
 13280 | Orc:1    | Entered Level 1 of the Orcish Mines
 13280 | Orc:1    | Noticed an orc sorcerer
 13288 | D:10     | Noticed a sixfirhy
 13290 | D:10     | Killed an orc sorcerer
 14377 | Orc:1    | Found Viotiapt's Book Boutique.
 14645 | Orc:2    | Entered Level 2 of the Orcish Mines
 14645 | Orc:2    | Noticed Snorg
 14650 | Orc:2    | Killed Snorg
 14655 | Orc:2    | Noticed Saint Roka
 14688 | Orc:2    | Found a staircase to the Elven Halls.
 14772 | Orc:2    | Found a frozen archway.
 14790 | Orc:2    | Ice cave in northeast.
 14843 | IceCv    | Entered an ice cave
 15102 | IceCv    | Reached skill level 11 in Maces & Flails
 15301 | IceCv    | Reached XP level 12. HP: 71/97 MP: 12/12
 15845 | IceCv    | Noticed an ice dragon
 16406 | IceCv    | Found the ring of the Mage {Wiz Archmagi}
 16617 | IceCv    | Killed from afar by an ice dragon

Illustrated notes

.# #...............#### .######
##...................
......#######...P...P.....P.P...P
.####.........#.P♣♣♣...♣♣♣P.P♣♣♣.
.# ########.##.P♣ ♣...♣ ♣P..♣ ♣.
.# #.##.P♣♣♣P.P♣♣♣...♣♣♣P ##
#.##..P.PP.P..P..P..P.
##.#................÷..
##.....@P.P.....P.......
########.......♣♣♣P.P♣♣♣).P♣♣♣. #
#.....#........♣ ♣P..♣ ♣P..♣ ♣P #
#.....##.......♣♣♣.).♣♣♣P..♣♣♣P #
#.....###.......PPP........P... #
#.....####.....................
###.....##......P.P.........P.P..
##......##.##...P♣♣♣..P♣♣♣P.P♣♣♣P
##.#..#.##.##....♣ ♣P..♣ ♣..P♣ ♣.


Turn 689 on D:1: Forest vault in northeast. ############ #..........#
#.####.###.## #P.P##..## ##≈.≈###..# ###≈≈.≈≈###.## #P≈≈@r≈≈≈P#..#
#..............### ###P≈≈≈.≈≈≈P##...# ###≈≈.≈≈######.## ##≈.≈## #..## #P.P#
##..### (.... ##...## ♣...♣. ###... #### Turn 4796 on D:5: Pleasant vault here.
:) ### #######@###### #.............# ###.........### ##._..._.## #.......#
##.._..## #.....# ...#... .#####.. Turn 7664 on Temple: Zot-like Temple ######.#
#.# #.....# #.# #.# ###.### #.# #.# #.# ######.#######.# #.# #...........####
####.# #.###...######## ##.##.# ........# #...###.÷.#.# #.###...# #.°O#..#....#
.......## #÷÷.@######.# ..####.# ###### #.# ### #.# #.# #.# ..# ##.## ###
##...## # #.....# ########### #.....# #....[...[. #.....# # #.###.##### Turn
7949 on D:7: LOVE THIS VAULT! <3 *,,*,*,***,,*,* #.# *..,,,,**, *,,*,,,,,,,,#.*
#.####.#,..,**, ,,,*,,,**#,,#.* ##......#..#**** ,,,,,,,*
#.,#.####...##..#..#***, **,,,,,**#..#................,,,,
,,,,,,,,,......~~~~~~~...##.,,,,, **,*,,***##.#..~~####~...#*******
,,***>,,,......~≈#o∩#~...# **,*,,,,,...#..~@'g.#~..## *,,*<,,,......~~'o.#≈..#
*,******#####.~≈'o$#~..######### *,,,,,,,,,,?..~≈#g>#~...........
**********###.~≈####~.#.######## #.~~≈~≈~~.#.# #...........# ########..?## #####
Turn 9899 on D:9: Bailey entrance in south. ...#...).#....##.....##
......#†..............# ...#..#..............## .......#.........#....#
......##.........##...# ...##..##.#.......##.## ..##....##......#.....# ..
....#.#.....#.#...## #... #........#.@.#.## ....#..#.#..# .........#..## .#.#.#.
.## .... ## ## ... $ Turn 14790 on Orc:2: Ice cave in northeast.

Levels and vault maps discovered:
D:1:      amcnicky_arrival_blooded_trapdoor, layout_loops_cross,
          kennysheep_boxes
D:2:      layout_loops_corners, ebering_ecumenical_altar_abandoned,
          serial_bayou_lagoon_b
D:3:      layout_rooms, grunt_dithmenos_smoke, serial_glass, glass_columns_a,
          glass_columns_b, glass_columns_b, glass_columns_a, glass_columns_c,
          glass_columns_a, glass_columns_b, glass_columns_c, glass_columns_a,
          glass_columns_b, glass_columns_b, glass_columns_c, glass_columns_b,
          glass_columns_a
D:4:      layout_basic, uniq_menkaure
D:5:      layout_rooms, mainiacjoe_overflow_catwalk, dreamdust_princess_bridge,
          grunt_decor_one_mirror, uniq_eustachio
D:6:      layout_basic, mainiacjoe_overflow_brackets, serial_shops, shop
D:7:      layout_loops_ring, general_overflow_altar,
          minmay_temple_entry_offerings, hangedman_decor_riveting,
          grunt_ogre_cave
D:8:      layout_rooms, lemuel_zombie_altar_yredelemnul, serial_bayou,
          serial_bayou_lagoon_a, serial_bayou_pond_e, serial_bayou_crossing,
          serial_bayou_pond_c, serial_bayou_shore_a, nicolae_diode_basic
D:9:      layout_loops_ring, enter_bailey_4, hangedman_decor_growths
D:10:     layout_long_grid, mainiacjoe_overflow_alcove_4, hiddenorc1_lemuel,
          gammafunk_ghost_abyssal_escape, nicolae_fountain_basement
Temple:   kb_temple_of_zot
Orc:1:    layout_caves, special_room [special_room_orc], serial_shops, shop,
          minmay_orc_temple_a
Orc:2:    hellmonk_orc_salted, layout_caves, serial_shops,
          nicolae_shop_scrapyard, portal_ice_cave_entry_pillars_2, basic_altar,
          uniq_snorg, uniq_saint_roka
IceCv:    ice_cave_small_dragons

Skill      XL: |  1  2  3  4  5  6  7  8  9 10 11 |
---------------+----------------------------------+-----
Stealth        | 1 2 3 0 |  0.0
Maces & Flails | 2 3 4 5 6 7 9 11 | 11.1
Armour         | 3 4 5 6 7 8 |  8.7
Fighting       | 4 5 6 8 9 |  9.9
Throwing       | |  0.1
Shields        | |  3.0
Evocations     | |  0.2

Action                     |  1- 3 |  4- 6 |  7- 9 | 10-12 || total
---------------------------+-------+-------+-------+-------++-------
  Melee: Flail             |    85 |   213 |   105 |   123 ||   526
         Tailslap          |     2 |       |       |    24 ||    26
         Whip              |       |       |   288 |   703 ||   991
  Throw: Throwing net      |       |     1 |       |     1 ||     2
         Dart              |       |       |    35 |    10 ||    45
 Invoke: Sacrifice Arcana  |       |       |       |     1 ||     1
         Sacrifice Stealth |       |       |       |     1 ||     1
  Evoke: Wand              |       |       |     3 |    12 ||    15
    Use: Scroll            |     1 |     9 |     8 |    11 ||    29
         Potion            |       |     3 |     4 |     6 ||    13
   Stab: Paralysed         |       |       |       |    16 ||    16
         Distracted        |       |       |       |     1 ||     1
         Sleeping          |       |       |       |     1 ||     1
 Armour: Scale mail        |    39 |   107 |   155 |    10 ||   311
         Skin              |       |    33 |       |       ||    33
         Plate armour      |       |       |       |   288 ||   288
         Acid dragon scale |       |       |       |    32 ||    32
         Leather armour    |       |       |       |     1 ||     1
  Dodge: Dodged            |    34 |   105 |   154 |   244 ||   537
  Block: Buckler           |    19 |    44 |   145 |   321 ||   529
